 Dungeon Crawl Stone Soup version 0.29-a0-307-gecccbbdb84 (webtiles) character file.

Game seed: 5755032094013007917

687 Dabor the Vexing (level 7, -4/50 (55) HPs)
             Began as a Gnoll Arcane Marksman on Mar 27, 2022.
             Was a Follower of Ashenzari.
             Killed by divine providence
             ... invoked by an orc priest
              (12 damage)
             ... on level 4 of the Dungeon.
             The game lasted 00:10:05 (5209 turns).

Dabor the Vexing (Gnoll Arcane Marksman)            Turns: 5209, Time: 00:10:06

HP:   -4/50 (55)    AC:  2    Str: 14    XL:     7   Next: 62%
MP:   13/14         EV: 15    Int:  9    God:    Ashenzari [*.....]
Gold: 193           SH:  0    Dex: 19    Spells: 8/15 levels left

rFire   + . .      SeeInvis .   s - +5 dagger of the Walnut {flame, +Blink Int-3 Stlth+}
rCold   . . .      Faith    .   (no shield)
rNeg    + . .      Spirit   .   u - +0 robe "Dabbypp" {rN+ Str+3 Stlth+}
rPois   .          Reflect  .   (no helmet)
rElec   .          Harm     .   e - scarf "Overhang to Understand" {+Inv, Melee, Elem} (curse)
rCorr   .          Rampage  .   (no gloves)
Will    .....                   (no boots)
Stlth   ++++......              (no amulet)
HPRegen 0.16/turn               i - ring of the Shattered Repose {Dex+6, Comp, Self} (curse)
MPRegen 0.14/turn               l - ring of protection from fire

@: drained
A: fangs 1, strong nose, distributed training
a: Renounce Religion, Evoke Blink, Evoke Invisibility, Shatter the Chains


You were on level 4 of the Dungeon.
You worshipped Ashenzari.
Ashenzari was aware of your devotion.
You visited 1 branch of the dungeon, and saw 4 of its levels.

You collected 193 gold pieces.

Inventory:

Hand Weapons
 a - a +0 shortbow
 h - a +1 vorpal spear
 p - a +2 falchion of electrocution
 r - a +2 mace of holy wrath
 s - the +5 dagger of the Walnut (weapon) {flame, +Blink Int-3 Stlth+}
   (You found it on level 2 of the Dungeon)

   It burns those it strikes, dealing additional fire damage.
   Int:       It affects your intelligence (-3).
   +Blink:    It lets you blink.
   Stlth:     It makes you more stealthy.
Missiles
 k - 5 datura-tipped darts
 q - 5 javelins
 t - 21 poisoned darts
Armour
 b - a +0 robe
 e - the cursed scarf "Overhang to Understand" (worn) {+Inv, Melee, Elem}
   (You found it on level 1 of the Dungeon)

   It has a curse which improves the following skills: Melee Combat: Short
   Blades, Long Blades, Axes, Maces & Flails, Polearms, Staves and Unarmed
   Combat.
   Elements:  Fire Magic, Ice Magic, Air Magic and Earth Magic.
 u - the +0 robe "Dabbypp" (worn) {rN+ Str+3 Stlth+}
   (You found it on level 3 of the Dungeon)

   Str:       It affects your strength (+3).
   rN:        It protects you from negative energy.
   Stlth:     It makes you more stealthy.
Jewellery
 i - the cursed ring of the Shattered Repose (left hand) {Dex+6, Comp, Self}
   (You found it on level 1 of the Dungeon)

   [ring of dexterity]

   Dex:       It affects your dexterity (+6).
   It has a curse which improves the following skills: Companions: Summonings
   and Necromancy.
   Introspection: Fighting and Spellcasting.
 j - a ring of ice
 l - a ring of protection from fire (right hand)
Scrolls
 c - 2 scrolls of vulnerability
 n - a scroll of magic mapping
 o - a scroll of brand weapon
Potions
 d - a potion of cancellation
 f - 2 potions of flight
 g - a potion of haste
 m - 2 potions of lignification
 v - a potion of invisibility


   Skills:
 + Level 3.7(4.5) Fighting
 + Level 2.6(3.3) Short Blades
 + Level 2.6(3.3) Long Blades
 + Level 2.6(3.3) Axes
 + Level 2.6(3.3) Maces & Flails
 + Level 2.6(3.3) Polearms
 + Level 2.6(3.3) Staves
 + Level 2.6 Slings
 + Level 5.3 Bows
 + Level 2.6 Crossbows
 + Level 2.6 Throwing
 + Level 2.6 Armour
 + Level 5.3 Dodging
 + Level 2.6 Stealth
 + Level 2.6 Shields
 + Level 2.6(3.3) Unarmed Combat
 + Level 3.9(4.7) Spellcasting
 + Level 2.1 Conjurations
 + Level 5.9 Hexes
 + Level 2.1(2.8) Summonings
 + Level 2.1(2.8) Necromancy
 + Level 2.1 Translocations
 + Level 2.1 Transmutations
 + Level 2.1(2.8) Fire Magic
 + Level 2.1(2.8) Ice Magic
 + Level 2.1(2.8) Air Magic
 + Level 2.1(2.8) Earth Magic
 + Level 2.1 Poison Magic
 + Level 2.9 Invocations
 + Level 2.6 Evocations


You had 8 spell levels left.
You knew the following spells:

 Your Spells              Type           Power      Damage    Failure   Level
a - Slow                  Hex            48%        N/A       2%          1
b - Portal Projectile     Hex/Tloc       18%        N/A       14%         3
c - Inner Flame           Hex/Fire       9%         N/A       13%         3

Your spell library contained the following spells:

 Spells                   Type           Power      Damage    Failure   Level
 Magic Dart               Conj           20%        1d4       11%         1
 Searing Ray              Conj           10%        2d4       16%         2
 Cause Fear               Hex            6%         N/A       22%         4
 Call Canine Familiar     Summ           7%         N/A       24%         3
 Frozen Ramparts          Ice            14%        1d3       24%         3
 Leda's Liquefaction      Hex/Erth       4%         N/A       38%         4
 Fulminant Prism          Conj/Hex       4%         3d6       43%         4
 Summon Ice Beast         Ice/Summ       7%         N/A       61%         4
 Ice Form                 Ice/Tmut       6%         N/A       65%         4


Dungeon Overview and Level Annotations

Branches:
Dungeon (4/15)
 Temple: D:4-7

Altars:
Ashenzari


Innate Abilities, Weirdness & Mutations

You have very sharp teeth.
Your uncanny sense of smell can sniff out nearby items.
Your experience applies equally to all skills.


Message History

You hit the orc. You burn the orc.
You kill the orc!
You hit the orc wizard. Your bite misses the orc wizard.
The orc wizard is lightly wounded.
The orc wizard barely misses you.
You barely miss the orc wizard. Your bite misses the orc wizard.
The orc wizard is lightly wounded.
The orc wizard barely misses you.
You hit the orc wizard. You burn the orc wizard.
The orc wizard is heavily wounded.
You hit the orc wizard. You burn the orc wizard.
The orc wizard is almost dead.
The orc wizard hits you but does no damage.
You hit the orc wizard.
You kill the orc wizard!
You closely miss the orc. You bite the orc, but do no damage.
The orc closely misses you.
You hit the orc but do no damage. The orc hits you with a +0 short sword.
The orc priest mumbles some strange prayers to Beogh against you.
Beogh smites you!
You are too injured to fight recklessly!
You are too injured to fight recklessly!
You are too injured to fight recklessly!
You closely miss the orc. You punch the orc, but do no damage.
The orc misses you.
You closely miss the orc. The orc barely misses you.
You hit the orc. You burn the orc.
The orc is heavily wounded.
You closely miss the orc.
The orc is heavily wounded.
The orc hits you with a +0 short sword.
* * * LOW HITPOINT WARNING * * *
You closely miss the orc. Your punch misses the orc.
You bite the orc, but do no damage.
The orc is heavily wounded.
The orc hits you with a +0 short sword.
* * * LOW HITPOINT WARNING * * *
The orc priest mumbles some strange prayers to Beogh against you.
Beogh smites you!
You die...

#
#.###.#######
# #.#........#
# #.#....###.#
# # #....# # #
#.##.#.###.##.
#
#.............
#
####.......##.
# #..........
##@#.#####.
#o#.# #o#.#
#.#.# ∆ ..#.#
..... ..#.#
...#


You could see an orc priest and an orc.

Vanquished Creatures
  Sigmund (D:3)
  5 wights
  2 orc priests (D:3)
  Crazy Yiuf (D:3)
  An orc wizard (D:4)
  A gnoll (D:1)
  5 adders
  A worm (D:3)
  2 dart slugs
  11 orcs
  5 ball pythons
  10 endoplasms
  7 giant cockroaches
  5 goblins
  3 hobgoblins
  4 jackals
  10 kobolds
  3 quokkas
  6 bats
  4 frilled lizards
  14 rats
101 creatures vanquished.

Vanquished Creatures (others)
  8 plants (D:1)
8 creatures vanquished.

Grand Total: 109 creatures vanquished

Notes
Turn   | Place    | Note
-------+----------+-------------------------------------------
     0 | D:1      | Dabor the Gnoll Arcane Marksman began the quest for the
                  | Orb.
     0 | D:1      | Reached XP level 1. HP: 17/17 MP: 4/4
     1 | D:1      | Found a runed translucent door.
   322 | D:1      | Reached XP level 2. HP: 23/23 MP: 5/5
   575 | D:1      | Reached XP level 3. HP: 28/28 MP: 7/7
  1041 | D:1      | Reached skill level 1 in Invocations
  1070 | D:2      | Reached skill level 1 in Short Blades
  1070 | D:2      | Reached skill level 1 in Long Blades
  1070 | D:2      | Reached skill level 1 in Axes
  1070 | D:2      | Reached skill level 1 in Maces & Flails
  1070 | D:2      | Reached skill level 1 in Polearms
  1070 | D:2      | Reached skill level 1 in Staves
  1070 | D:2      | Reached skill level 1 in Slings
  1070 | D:2      | Reached skill level 1 in Crossbows
  1070 | D:2      | Reached skill level 1 in Throwing
  1070 | D:2      | Reached skill level 1 in Armour
  1070 | D:2      | Reached skill level 1 in Stealth
  1070 | D:2      | Reached skill level 1 in Shields
  1070 | D:2      | Reached skill level 1 in Unarmed Combat
  1070 | D:2      | Reached skill level 1 in Evocations
  1400 | D:2      | Reached XP level 4. HP: 28/34 MP: 8/8
  1540 | D:2      | Learned a level 3 spell: Portal Projectile
  1933 | D:2      | Reached skill level 1 in Conjurations
  1933 | D:2      | Reached skill level 1 in Summonings
  1933 | D:2      | Reached skill level 1 in Necromancy
  1933 | D:2      | Reached skill level 1 in Translocations
  1933 | D:2      | Reached skill level 1 in Transmutations
  1933 | D:2      | Reached skill level 1 in Fire Magic
  1933 | D:2      | Reached skill level 1 in Ice Magic
  1933 | D:2      | Reached skill level 1 in Air Magic
  1933 | D:2      | Reached skill level 1 in Earth Magic
  1933 | D:2      | Reached skill level 1 in Poison Magic
  2109 | D:2      | Identified the +5 dagger of the Walnut {flame, +Blink Int-3
                  | Stlth+}
  2261 | D:2      | Found a faded altar of an unknown god.
  2428 | D:2      | Prayed at the altar of an unknown god.
  2428 | D:2      | Became a worshipper of Ashenzari the Shackled
  2688 | D:3      | Identified the +0 robe "Dabbypp" {rN+ Str+3 Stlth+}
  2768 | D:3      | Noticed Sigmund
  2775 | D:3      | Reached XP level 5. HP: 36/41 MP: 10/10
  2795 | D:3      | Killed Sigmund
  2796 | D:3      | Reached XP level 6. HP: 18/47 MP: 9/11
  3023 | D:3      | Learned a level 3 spell: Inner Flame
  3109 | D:3      | Found a runed translucent door.
  3110 | D:3      | Noticed Crazy Yiuf
  3160 | D:3      | Reached skill level 5 in Bows
  3160 | D:3      | Reached skill level 5 in Dodging
  3817 | D:3      | Reached XP level 7. HP: 40/53 MP: 11/13
  3864 | D:3      | Killed Crazy Yiuf
  5085 | D:4      | Reached * piety under Ashenzari
  5209 | D:4      | Killed from afar by an orc priest

Illustrated notes

Levels and vault maps discovered:
D:1:      dpeg_arrival_caged_fury, layout_basic, minivault_27,
          hangedman_decor_riveting, amcnicky_mini_pool_small,
          lexackson_kobold_supper
D:2:      wander_river, layout_loops_ring, chequers_ecumenical_altar_grove,
          minmay_tromino_mix6
D:3:      minmay_spotlight, layout_loops_cross, hex_tiny, grunt_decor_arrowhead,
          uniq_sigmund, uniq_crazy_yiuf_cottage
D:4:      layout_basic, minmay_temple_entry_statues, minivault_14

Skill      XL: |  1  2  3  4  5  6  7 |
---------------+----------------------+-----
Invocations    | 1 2 |  2.9
Short Blades   | 1 2 |  2.6
Long Blades    | 1 2 |  2.6
Axes           | 1 2 |  2.6
Maces & Flails | 1 2 |  2.6
Polearms       | 1 2 |  2.6
Staves         | 1 2 |  2.6
Slings         | 1 2 |  2.6
Crossbows      | 1 2 |  2.6
Throwing       | 1 2 |  2.6
Armour         | 1 2 |  2.6
Stealth        | 1 2 |  2.6
Shields        | 1 2 |  2.6
Unarmed Combat | 1 2 |  2.6
Evocations     | 1 2 |  2.6
Spellcasting   | 3 |  3.9
Conjurations   | 1 2 |  2.1
Summonings     | 1 2 |  2.1
Necromancy     | 1 2 |  2.1
Translocations | 1 2 |  2.1
Transmutations | 1 2 |  2.1
Fire Magic     | 1 2 |  2.1
Ice Magic      | 1 2 |  2.1
Air Magic      | 1 2 |  2.1
Earth Magic    | 1 2 |  2.1
Poison Magic   | 1 2 |  2.1
Fighting       | 3 |  3.7
Bows           | 5 |  5.3
Dodging        | 5 |  5.3
Hexes          | |  5.9

Action                   |  1- 3 |  4- 6 |  7- 9 || total
-------------------------+-------+-------+-------++-------
Melee: Dagger            |       |    47 |    36 ||    83
       Bite              |       |     5 |     7 ||    12
       Mace              |       |    27 |    26 ||    53
       Punch             |       |     1 |     1 ||     2
 Fire: Shortbow          |   103 |    34 |       ||   137
 Cast: Slow              |     7 |     7 |     1 ||    15
Invok: Curse Item        |       |     1 |     1 ||     2
 Abil: Evoke Invisibilit |       |       |     1 ||     1
  Use: Scroll            |     4 |     1 |     1 ||     6
       Potion            |     2 |     1 |     1 ||     4
 Stab: Sleeping          |       |     4 |     3 ||     7
       Invisible         |       |       |     3 ||     3
Armor: Robe              |    19 |     3 |     3 ||    25
Dodge: Dodged            |    72 |    60 |    33 ||   165

Table legend: (Time is in decaauts)
 A = Elapsed time spent in this place.
 B = Non-inter-level travel time spent in this place.
 C = Inter-level travel time spent in this place.
 D = Time resting spent in this place.
 E = Time spent auto-exploring this place.
 F = Levels seen in this place.
 G = Mean time per level.
                   A        B        C        D        E       F      G
               +--------+--------+--------+--------+--------+-----+--------+
         Total |   5307 |   4961 |    346 |   1773 |   2376 |   4 | 1326.8 |
       Dungeon |   5307 |   4961 |    346 |   1773 |   2376 |   4 | 1326.8 |
               +--------+--------+--------+--------+--------+-----+--------+

Top non-repeatable levels by time:
     D:3: 2022 daAuts
     D:2: 1984 daAuts
     D:1: 1173 daAuts
     D:4: 127 daAuts
